 Dungeon Crawl Stone Soup version 0.22.0-32-gbc6daba (webtiles) character file.

154 Lew the Skirmisher (level 5, -5/33 HPs)
             Began as a Gargoyle Fighter on Aug 23, 2018.
             Was a Follower of Cheibriados.
             Slain by an ogre
             ... wielding a +0 giant spiked club
              (11 damage)
             ... on level 4 of the Dungeon.
             The game lasted 00:07:33 (2445 turns).

Lew the Skirmisher (Gargoyle Fighter)               Turns: 2445, Time: 00:07:33

Health: -5/33      AC: 11    Str: 29    XL:     5   Next: 36%
Magic:  5/5        EV:  8    Int: 11    God:    Cheibriados [*.....]
Gold:   247        SH: 11    Dex: 12    Spells: 4/4 levels left

rFire    . . .     SeeInvis .   a - +1 war axe
rCold    . . .     Gourm    .   c - +1 shield
rNeg     + . .     Faith    .   b - +0 scale mail
rPois    ∞         Spirit   .   (no helmet)
rElec    +         Reflect  .   (no cloak)
rCorr    .         Harm     .   (no gloves)
MR       .....                  (no boots)
Stlth    ..........             (no amulet)
HPRegen  0.11/turn              (no ring)
MPRegen  0.09/turn              (no ring)

@: mighty, very slow
A: negative energy resistance 1, electricity resistance, unbreathing,
petrification resistance, rot immunity, AC +4
a: Bend Time, Renounce Religion


You were on level 4 of the Dungeon.
You worshipped Cheibriados.
Cheibriados was aware of your devotion.
You were not hungry.

You visited 1 branch of the dungeon, and saw 4 of its levels.

You collected 247 gold pieces.

Inventory:

Hand Weapons
 a - a +1 war axe (weapon)
Armour
 b - a +0 scale mail (worn)
 c - a +1 shield (worn)
Wands
 m - a wand of enslavement (13)
Scrolls
 h - 2 scrolls of teleportation
Potions
 e - 2 potions of heal wounds {unknown}
 g - a potion of magic {unknown}
 i - a potion of lignification {unknown}
 l - 4 potions of curing
Comestibles
 f - 4 rations


   Skills:
 + Level 4.1 Fighting
 * Level 2.6 Axes
 + Level 3.9 Armour
 * Level 1.6 Dodging
 + Level 4.0 Shields
 + Level 0.5 Invocations


You had 4 spell levels left.
You didn't know any spells.
Your spell library was empty.

Dungeon Overview and Level Annotations

Branches:
Dungeon (4/15)
 Temple: D:4-7

Altars:
Cheibriados


Innate Abilities, Weirdness & Mutations

You are resistant to torment.
Your stone body is resilient. (AC +4)
You are immune to poison.
You resist negative energy. (rN+)
You are resistant to electric shocks. (rElec)
You can survive without breathing.
You are immune to petrification.
You are immune to rotting.


Message History

The ogre barely misses you.
You hit the ogre.
The ogre is lightly wounded.
The ogre hits you with a giant spiked club!
You are too injured to fight recklessly!
You hit the ogre.
The ogre is moderately wounded.
The ogre barely misses you.
You barely miss the ogre.
The ogre is moderately wounded.
The ogre hits you with a giant spiked club!
* * * LOW HITPOINT WARNING * * *
You block the ogre's attack. The ogre closely misses you.
You block the ogre's attack.
Okay, then.
Okay, then.
You feel very mighty all of a sudden.
The ogre hits you with a giant spiked club!
You die...

#.# #.# #<# #.#
##.## #...# #...#
###...# #@O...#
.#######.###.#♣♣♣
.........# #....♣
########<###.#♣.♣♣
#.....#♣..♣♣♣
###.#.#♣♣...♣♣
#.#.# ♣♣.♣.♣ ....#
♣♣♣♣...♣ ....##
♣♣.♣


You could see an ogre.

Vanquished Creatures
  4 adders
  An ooze (D:1)
  3 worms
  6 dart slugs
  7 orcs (D:3)
  A ball python (D:3)
  6 giant cockroaches
  10 hobgoblins
  2 jackals (D:1)
  A quokka (D:3)
  12 bats
  2 frilled lizards
  14 goblins
  10 kobolds
  6 rats
85 creatures vanquished.

Notes
Turn   | Place    | Note
-------+----------+-------------------------------------------
     0 | D:1      | Lew the Gargoyle Fighter began the quest for the Orb.
     0 | D:1      | Reached XP level 1. HP: 14/14 MP: 1/1
   130 | D:1      | Reached XP level 2. HP: 19/19 MP: 2/2
   325 | D:1      | Reached XP level 3. HP: 22/23 MP: 3/3
   931 | D:2      | Reached skill level 1 in Dodging
   970 | D:2      | Found a snail-covered altar of Cheibriados.
  1147 | D:2      | Became a worshipper of Cheibriados the Contemplative
  1199 | D:2      | Reached XP level 4. HP: 28/29 MP: 4/4
  1877 | D:3      | Reached * piety under Cheibriados
  1888 | D:3      | Reached XP level 5. HP: 31/33 MP: 5/5
  2429 | D:4      | Noticed an ogre
  2445 | D:4      | Slain by an ogre

Skill      XL: |  1  2  3  4  5 |
---------------+----------------+-----
Axes           | 2 |  2.6
Dodging        | 1 |  1.6
Fighting       | 4 |  4.1
Shields        | 4 |  4.0
Armour         | |  3.9
Invocations    | |  0.5

Action                   |  1- 3 |  4- 6 || total
-------------------------+-------+-------++-------
Melee: War axe           |   132 |   139 ||   271
  Use: Scroll            |     3 |     5 ||     8
       Potion            |       |     3 ||     3
  Eat: Chunk             |     1 |     1 ||     2
       Ration            |       |     1 ||     1
Armor: Scale mail        |    64 |    71 ||   135
Dodge: Dodged            |    52 |    56 ||   108
Block: Shield            |    75 |    94 ||   169
